AoeStats
← Full Random enjoyer

Arabia

510157791Analyzed
1v1 RM · 3d ago on Sep 29, 2026· 98m 30s· 2 players
Game mode
Random Map
Map size
Tiny (2 player)
Population
200
Speed
Normal
Resources
Standard
Victory
Conquest
Starting age
Dark Age
Ending age
Imperial Age
RankedLock teamsTeams togetherTeam positionsShared explorationLock speedFull tech treeHidden civsTurbo modeCheats
Victory
Defeat
🇲🇽 Malians · Mexico
1237
+15
🇳🇱 Magyars · Netherlands
1215
-15
Luuk
6:41 Loom
9:18 Feudal Age
19:45 Castle Age
18:42 Bloodlines
18:42 Scale Barding Armor
20:19 Double-Bit Axe
20:20 Horse Collar
23:39 Pikeman
25:55 Wheelbarrow
26:23 Scale Mail Armor
27:35 Town Watch
28:11 Chain Mail Armor
38:51 Imperial Age
38:06 Husbandry
39:02 Halberdier
42:36 Gold Mining
42:37 Stone Mining
43:07 Hand Cart
45:54 Gold Shaft Mining
45:44 Chain Barding Armor
45:15 Fletching
46:29 Cavalier
48:51 Heavy Plow
48:49 Bodkin Arrow
49:31 Plate Barding Armor
48:59 Padded Archer Armor
51:19 Elite Skirmisher
52:17 Leather Archer Armor
54:51 Paladin
56:37 Light Cavalry
59:55 Bow Saw
60:17 Crop Rotation
60:22 Hussar
Full Random enjoyer
8:37 Feudal Age
6:54 Loom
9:34 Double-Bit Axe
14:11 Scale Barding Armor
14:50 Horse Collar
16:33 Wheelbarrow
17:16 Forging
21:43 Castle Age
20:35 Gold Mining
21:13 Forging
21:27 Scale Mail Armor
25:15 Bloodlines
27:09 Sanctity
27:49 Husbandry
27:37 Town Watch
29:36 Chain Barding Armor
29:45 Sanctity
30:10 Fervor
30:29 Stone Mining
32:14 Iron Casting
43:42 Chain Mail Armor
44:14 Stone Shaft Mining
45:35 Gold Shaft Mining
45:21 Hand Cart
50:16 Imperial Age
51:11 Farimba
50:32 Heavy Camel Rider
51:49 Plate Barding Armor
51:48 Redemption
51:55 Block Printing
51:12 Capped Ram
52:13 Elite Gbeto
61:51 Hoardings
61:37 Conscription
68:16 Heavy Plow
67:59 Light Cavalry
73:13 Plate Mail Armor
73:20 Tigui
83:47 Guilds
84:28 Herbal Medicine
87:08 Crop Rotation
86:51 Bow Saw
Connection lost

Rejoining the realm…

Still unreachable

The connection could not be restored.

Session expired

The server has moved on; the page needs a fresh start.